 Dungeon Crawl Stone Soup version 0.23.2 (webtiles) character file.

Game seed: 5645772351422926725

60 Mimshu the Skirmisher (level 3, 0/29 HPs)
             Began as a Demonspawn Abyssal Knight on Apr 3, 2019.
             Was a Follower of Lugonu.
             Succumbed to a kobold's poison
             ... on level 2 of the Dungeon on Apr 12, 2019.
             The game lasted 00:12:02 (1260 turns).

Mimshu the Skirmisher (Demonspawn Abyssal Knight)   Turns: 1260, Time: 00:12:02

Health: 0/29       AC:  3    Str: 13    XL:     3   Next: 82%
Magic:  5/5        EV: 11    Int: 13    God:    Lugonu [*.....]
Gold:   50         SH:  0    Dex: 12    Spells: 2/2 levels left

rFire    . . .     SeeInvis .   a - +1 falchion
rCold    . . .     Gourm    .   (no shield)
rNeg     . . .     Faith    .   b - +0 leather armour
rPois    .         Spirit   .   (no helmet)
rElec    .         Reflect  .   (no cloak)
rCorr    .         Harm     .   (no gloves)
MR       .....                  (no boots)
Stlth    +.........             (no amulet)
HPRegen  0.09/turn              (no ring)
MPRegen  0.09/turn              (no ring)

@: lethally poisoned (0 -> -16)
A: talons 1
a: Depart the Abyss, Renounce Religion


You were on level 2 of the Dungeon.
You worshipped Lugonu.
Lugonu was aware of your devotion.
You were not hungry.

You visited 1 branch of the dungeon, and saw 2 of its levels.
You visited the Abyss 1 time.

You collected 50 gold pieces.

Inventory:

Hand Weapons
 a - a +1 falchion (weapon)
 g - a +0 dagger
 k - a +2 trident of venom
Armour
 b - a +0 leather armour (worn)
 e - a +0 pair of gloves
Scrolls
 d - 2 scrolls of fear {unknown}
 f - a scroll of teleportation {unknown}
 h - a scroll of magic mapping {unknown}
 l - a scroll of remove curse {unknown}
 m - a scroll of identify {unknown}
Potions
 j - 3 potions of brilliance {unknown}
Comestibles
 c - 4 rations
 i - 2 chunks of flesh


   Skills:
 * Level 3.6 Fighting
 * Level 2.3 Long Blades
 * Level 2.2 Armour
 * Level 1.5 Dodging
 + Level 3.0 Invocations


You had 2 spell levels left.
You didn't know any spells.
Your spell library was empty.

Dungeon Overview and Level Annotations

Branches:
Dungeon (2/15)

Altars:


Innate Abilities, Weirdness & Mutations

You have sharp toenails.


Message History

* * * LOW HITPOINT WARNING * * *
You are lethally poisoned!
You hit the kobold but do no damage. Your kick misses the kobold.
The kobold is heavily wounded.
* * * LOW HITPOINT WARNING * * *
You feel sick. The kobold hits you but does no damage.
You barely miss the kobold. Your kick misses the kobold.
The kobold is heavily wounded.
* * * LOW HITPOINT WARNING * * *
You feel sick. The kobold hits you but does no damage.
You are more poisoned.
You hit the kobold.
You kill the kobold!
Lugonu accepts your kill.
* * * LOW HITPOINT WARNING * * *
You feel sick. The bat barely misses you.
You completely miss the bat.
* * * LOW HITPOINT WARNING * * *
You feel sick. The bat hits you but does no damage.
You die...

................#####...
....##................
....#.........#####.##
..#.#.........#####...
+...................
#................... #
##.................. ...
+b......#...........
.#...###@###.#)..........
.............#)##########
......................
..######...###.#######
........(...#
####..###'#.#
#.....<....#
.........(..#
............###


You could see a bat.

Vanquished Creatures
  2 adders (D:2)
  A worm (D:2)
  A dart slug (D:1)
  A leopard gecko (D:1)
  5 giant cockroaches
  5 goblins
  4 hobgoblins
  2 jackals (D:1)
  4 kobolds
  4 bats (D:1)
  5 rats
34 creatures vanquished.

Notes
Turn   | Place    | Note
-------+----------+-------------------------------------------
     0 | Abyss:1  | Mimshu the Demonspawn Abyssal Knight began the quest for
                  | the Orb.
     0 | Abyss:1  | Reached XP level 1. HP: 18/18 MP: 2/2
     0 | D:1      | Escaped the Abyss
    59 | D:1      | Reached skill level 1 in Dodging
   121 | D:1      | Gained mutation: You have sharp toenails. [demonic
                  | ancestry]
   121 | D:1      | Reached XP level 2. HP: 13/24 MP: 3/3
   543 | D:1      | Reached * piety under Lugonu
   833 | D:2      | Reached XP level 3. HP: 24/29 MP: 5/5
  1259 | D:2      | HP: 1/29 [poisoned by a kobold]
  1260 | D:2      | Succumbed to a kobold's poison

Skill      XL: |  1  2  3 |
---------------+----------+-----
Dodging        | 1 |  1.5
Long Blades    | 2 |  2.3
Armour         | 2 |  2.2
Invocations    | 3 |  3.0
Fighting       | |  3.6

Action                   || total
-------------------------++-------
Melee: Falchion          ||    85
       Kick              ||    19
Invok: Depart the Abyss  ||     1
  Eat: Chunk             ||     1
Armor: Leather armour    ||    32
Dodge: Dodged            ||    59
       Rpst.: Falchion   ||    14
